3AA
NORTONVILLE CHEROKEES @ YAKIMA HOPS
07/03/2020
 
TOP OF THE 1ST
Nortonville Cherokees batting - Pitching for Yakima Hops : RHP Steve Bryan
Pitching: RHP Steve Bryan
Batting: RHB David Sánchez 0-0: Called Strike
0-1: Fly out, F8 (Flyball, 8RM)
Batting: RHB Jim Unknown 0-0: Ball
1-0: SINGLE (Line Drive, 56D)
Batting: RHB Miguel Ramírez 0-0: Ball
1-0: Called Strike
1-1: Fly out, F7 (Line Drive, 7M)
Batting: LHB Jeffrey Gregg 0-0: Ball
1-0: Foul Ball, location: 2F
1-1: Ball
2-1: Called Strike
2-2: Strikes out swinging
Top of the 1st over - 0 run(s), 1 hit(s), 0 error(s), 1 left on base; Nortonville 0 - Yakima 0
BOTTOM OF THE 1ST
Yakima Hops batting - Pitching for Nortonville Cherokees : RHP Patrick Edwards
Pitching: RHP Patrick Edwards
Batting: SHB Carlos Sánchez 0-0: Ball
1-0: Swinging Strike
1-1: Ball
2-1: Ball
3-1: Ground out 6-3 (Groundball, 6)
Batting: RHB Rafael Durango 0-0: Called Strike
0-1: Ball
1-1: DOUBLE (Flyball, 89M)
Batting: RHB Marshall Attwood 0-0: Foul Ball, location: 2F
0-1: Foul Ball, location: 2F
0-2: Ball
1-2: SINGLE (Groundball, 6)
Rafael Durango to third
Runner from 3rd tries for Home, SAFE, no throw or cutoff
Batting: RHB Manuel Rodríguez 0-0: Foul Ball, location: 2F
0-1: Foul Ball, location: 2F
0-2: Ball
1-2: Fielders Choice at 2nd, 1-4 (Groundball, 15)
Batting: LHB Jesús Quintanilla 0-0: Swinging Strike
0-1: Ball
1-1: Ball
Wild Pitch!
Manuel Rodríguez to second
2-1: Ground out 4-3 (Groundball, 34)
Bottom of the 1st over - 1 run(s), 2 hit(s), 0 error(s), 1 left on base; Nortonville 0 - Yakima 1
TOP OF THE 2ND
Nortonville Cherokees batting - Pitching for Yakima Hops : RHP Steve Bryan
Batting: RHB Joel Lee 0-0: Fly out, F8 (Flyball, 8LM)
Batting: RHB Cristián Cruz 0-0: Ball
1-0: Ball
2-0: Called Strike
2-1: Ball
3-1: Called Strike
3-2: Fly out, F8 (Line Drive, 8RM)
Batting: RHB Louie McNeil 0-0: Foul Ball, location: 2F
0-1: Ball
1-1: Foul Ball, location: 2F
1-2: Ball
2-2: Ball
3-2: Foul Ball, location: 2F
3-2: Foul Ball, location: 2F
3-2: Fly out, F9 (Flyball, 89M)
Top of the 2nd over - 0 run(s), 0 hit(s), 0 error(s), 0 left on base; Nortonville 0 - Yakima 1
BOTTOM OF THE 2ND
Yakima Hops batting - Pitching for Nortonville Cherokees : RHP Patrick Edwards
Batting: RHB Cal Jackson 0-0: Foul Ball, location: 2F
0-1: Ball
1-1: Called Strike
1-2: Ball
2-2: Foul Ball, location: 2F
2-2: Strikes out looking
Batting: RHB Jim Allen 0-0: Called Strike
0-1: Ball
1-1: Ball
2-1: Ball
3-1: Foul Ball, location: 2F
3-2: Ground out 6-3 (Groundball, 56)
Batting: RHB John Robinson 0-0: Ball
1-0: Ball
2-0: Ball
3-0: Base on Balls
Batting: RHB Sergio García 0-0: Foul Ball, location: 2F
0-1: Ball
1-1: DOUBLE (Line Drive, 7LM)
John Robinson to third
Runner from 3rd tries for Home, throw and OUT!
Bottom of the 2nd over - 0 run(s), 1 hit(s), 0 error(s), 1 left on base; Nortonville 0 - Yakima 1
TOP OF THE 3RD
Nortonville Cherokees batting - Pitching for Yakima Hops : RHP Steve Bryan
Batting: RHB Chris Oudekirk 0-0: Fly out, F7 (Flyball, 7LM)
Batting: RHB Thomas Morris 0-0: Foul Ball, location: 2F
0-1: Ground out 6-3 (Groundball, 6)
Batting: RHB David Sánchez 0-0: Called Strike
0-1: Foul Ball, location: 2F
0-2: Foul Ball, location: 2F
0-2: Foul Ball, location: 2F
0-2: Ball
1-2: Foul Ball, location: 2F
1-2: Ball
2-2: Ball
3-2: Foul Ball, location: 2F
3-2: DOUBLE (Groundball, 5L)
Batting: RHB Jim Unknown 0-0: Called Strike
0-1: Ball
1-1: 2-RUN HOME RUN (Flyball, 78XD), Distance : 420 ft
Batting: RHB Miguel Ramírez 0-0: Ball
1-0: Ground out 6-3 (Groundball, 6)
Top of the 3rd over - 2 run(s), 2 hit(s), 0 error(s), 0 left on base; Nortonville 2 - Yakima 1
BOTTOM OF THE 3RD
Yakima Hops batting - Pitching for Nortonville Cherokees : RHP Patrick Edwards
Batting: SHB Carlos Sánchez 0-0: Called Strike
0-1: Ball
1-1: Ground out 4-3 (Groundball, 4M)
Batting: RHB Rafael Durango 0-0: Ball
1-0: Foul Ball, location: 2F
1-1: Ground out 6-3 (Groundball, 6)
Batting: RHB Marshall Attwood 0-0: Called Strike
0-1: Called Strike
0-2: SINGLE (Line Drive, 56D)
Batting: RHB Manuel Rodríguez 0-0: Called Strike
0-1: Fly out, F5 (Line Drive, 5)
Bottom of the 3rd over - 0 run(s), 1 hit(s), 0 error(s), 1 left on base; Nortonville 2 - Yakima 1
TOP OF THE 4TH
Nortonville Cherokees batting - Pitching for Yakima Hops : RHP Steve Bryan
Batting: LHB Jeffrey Gregg 0-0: Ball
1-0: Called Strike
1-1: Ball
2-1: Ball
3-1: Base on Balls
Batting: RHB Joel Lee 0-0: Called Strike
0-1: Foul Ball, location: 2F
0-2: Foul Ball, location: 2F
0-2: Strikes out looking
Batting: RHB Cristián Cruz 0-0: Ball
1-0: Ball
2-0: SINGLE (Line Drive, 78S)
Jeffrey Gregg to second
Batting: RHB Louie McNeil 0-0: Ball
1-0: Ball
2-0: Foul Ball, location: 2F
2-1: Swinging Strike
2-2: Ball
3-2: Foul Ball, location: 2F
3-2: Foul Ball, location: 2F
3-2: Fly out, F4 (Line Drive, 4)
Batting: RHB Chris Oudekirk 0-0: Foul Ball, location: 2F
0-1: Ball
1-1: Ground out 6-3 (Groundball, 56D)
Top of the 4th over - 0 run(s), 1 hit(s), 0 error(s), 2 left on base; Nortonville 2 - Yakima 1
BOTTOM OF THE 4TH
Yakima Hops batting - Pitching for Nortonville Cherokees : RHP Patrick Edwards
Batting: LHB Jesús Quintanilla 0-0: Ball
1-0: Called Strike
1-1: SINGLE (Groundball, 34D) (infield hit)
Batting: RHB Cal Jackson 0-0: Called Strike
0-1: Ball
1-1: Ball
2-1: Foul Ball, location: 2F
2-2: SINGLE (Line Drive, 6D)
Jesús Quintanilla to second
Batting: RHB Jim Allen 0-0: Called Strike
0-1: Ball
1-1: Swinging Strike
1-2: Fly out, F9 (Line Drive, 9M)
Batting: RHB John Robinson 0-0: Swinging Strike
0-1: Called Strike
0-2: Fly out, F9 (Flyball, 9LM)
Batting: RHB Sergio García 0-0: Ball
1-0: Ground out 6-3 (Groundball, 6)
Bottom of the 4th over - 0 run(s), 2 hit(s), 0 error(s), 2 left on base; Nortonville 2 - Yakima 1
TOP OF THE 5TH
Nortonville Cherokees batting - Pitching for Yakima Hops : RHP Steve Bryan
Batting: RHB Thomas Morris 0-0: Fly out, F5 (Popup, 56S)
Batting: RHB David Sánchez 0-0: Ball
1-0: Ground out 4-3 (Groundball, 4M)
Batting: RHB Jim Unknown 0-0: Ball
1-0: Called Strike
1-1: SINGLE (Line Drive, 34)
Batting: RHB Miguel Ramírez 0-0: Ball
1-0: Ball
2-0: Swinging Strike
2-1: Ground out 6-3 (Groundball, 6)
Top of the 5th over - 0 run(s), 1 hit(s), 0 error(s), 1 left on base; Nortonville 2 - Yakima 1
BOTTOM OF THE 5TH
Yakima Hops batting - Pitching for Nortonville Cherokees : RHP Patrick Edwards
Batting: SHB Carlos Sánchez 0-0: Ball
1-0: Foul Ball, location: 2F
1-1: Called Strike
1-2: Foul Ball, location: 2F
1-2: Strikes out swinging
Batting: RHB Rafael Durango 0-0: Swinging Strike
0-1: Foul Ball, location: 2F
0-2: Strikes out swinging
Batting: RHB Marshall Attwood 0-0: Ball
1-0: Called Strike
1-1: Ball
2-1: DOUBLE (Groundball, 5L)
Batting: RHB Manuel Rodríguez 0-0: Called Strike
0-1: Ball
1-1: Ball
2-1: Foul Ball, location: 2F
2-2: Ball
3-2: Strikes out swinging
Bottom of the 5th over - 0 run(s), 1 hit(s), 0 error(s), 1 left on base; Nortonville 2 - Yakima 1
TOP OF THE 6TH
Nortonville Cherokees batting - Pitching for Yakima Hops : RHP Steve Bryan
Batting: LHB Jeffrey Gregg 0-0: Swinging Strike
0-1: Ball
1-1: Ball
2-1: Ball
3-1: SINGLE (Groundball, 6M)
Batting: RHB Joel Lee 0-0: Ball
1-0: Ball
2-0: Ball
3-0: Called Strike
3-1: Base on Balls
Jeffrey Gregg to second
Batting: RHB Cristián Cruz 0-0: Ball
1-0: Ball
2-0: Called Strike
2-1: Ball
3-1: Foul Ball, location: 2F
3-2: 3-RUN HOME RUN (Flyball, 78XD), Distance : 427 ft
Batting: RHB Louie McNeil 0-0: Ball
1-0: Ball
2-0: Ball
3-0: Swinging Strike
3-1: Foul Ball, location: 2F
3-2: Strikes out swinging
Batting: RHB Chris Oudekirk 0-0: Fly out, F9 (Flyball, 9S)
Batting: RHB Thomas Morris 0-0: Ball
1-0: SINGLE (Groundball, 34D)
Batting: RHB David Sánchez 0-0: Called Strike
Thomas Morris steals 2nd base
0-1: Ball
1-1: Ball
2-1: Fly out, F8 (Flyball, 89M)
Top of the 6th over - 3 run(s), 3 hit(s), 0 error(s), 1 left on base; Nortonville 5 - Yakima 1
BOTTOM OF THE 6TH
Yakima Hops batting - Pitching for Nortonville Cherokees : RHP Patrick Edwards
Batting: LHB Jesús Quintanilla 0-0: Ball
1-0: Ball
2-0: Foul Ball, location: 2F
2-1: Foul Ball, location: 2F
2-2: Foul Ball, location: 2F
2-2: SINGLE (Groundball, 34D)
Batting: RHB Cal Jackson 0-0: Ball
1-0: Fly out, F3 (Popup, 3SF)
Batting: RHB Jim Allen 0-0: Called Strike
Jesús Quintanilla is caught stealing 2nd base
0-1: Ground out 6-3 (Groundball, 6)
Bottom of the 6th over - 0 run(s), 1 hit(s), 0 error(s), 0 left on base; Nortonville 5 - Yakima 1
TOP OF THE 7TH
Nortonville Cherokees batting - Pitching for Yakima Hops : RHP Steve Bryan
Batting: RHB Jim Unknown 0-0: Swinging Strike
0-1: Swinging Strike
0-2: Fly out, F7 (Flyball, 78S)
Batting: RHB Miguel Ramírez 0-0: Foul Ball, location: 2F
0-1: Ball
1-1: Ball
2-1: Ball
3-1: SINGLE (Line Drive, 7LM)
Batting: LHB Jeffrey Gregg 0-0: Ball
1-0: Foul Ball, location: 2F
1-1: Foul Ball, location: 2F
1-2: Grounds into double play, 6-4-3 (Groundball, 6M)
Top of the 7th over - 0 run(s), 1 hit(s), 0 error(s), 0 left on base; Nortonville 5 - Yakima 1
BOTTOM OF THE 7TH
Yakima Hops batting - Pitching for Nortonville Cherokees : RHP Patrick Edwards
Batting: RHB John Robinson 0-0: Ball
1-0: Called Strike
1-1: Called Strike
1-2: Ground out 6-3 (Groundball, 56)
Batting: RHB Sergio García 0-0: Swinging Strike
0-1: Ball
1-1: Ball
2-1: Foul Ball, location: 2F
2-2: Ball
3-2: Fly out, F9 (Flyball, 9M)
Batting: SHB Carlos Sánchez 0-0: Fly out, F5 (Line Drive, 5)
Bottom of the 7th over - 0 run(s), 0 hit(s), 0 error(s), 0 left on base; Nortonville 5 - Yakima 1
TOP OF THE 8TH
Nortonville Cherokees batting - Pitching for Yakima Hops : RHP Steve Bryan
Batting: RHB Joel Lee 0-0: Ball
1-0: Ball
2-0: Foul Ball, location: 2F
2-1: Foul Ball, location: 2F
2-2: Fly out, F7 (Flyball, 7M)
Batting: RHB Cristián Cruz 0-0: Called Strike
0-1: Called Strike
0-2: Ball
1-2: DOUBLE (Line Drive, 78XD)
Batting: RHB Louie McNeil 0-0: Ball
1-0: Ball
2-0: Ball
3-0: Base on Balls
Batting: RHB Chris Oudekirk 0-0: Ball
1-0: Ball
2-0: Called Strike
2-1: SINGLE (Line Drive, 89S)
Cristián Cruz to third
Louie McNeil to second
Runner from 3rd tries for Home, SAFE, throw made home
Pitching: LHP Francisco López
Batting: RHB Thomas Morris 0-0: Called Strike
0-1: Ball
1-1: Swinging Strike
1-2: Strikes out swinging
Batting: RHB David Sánchez 0-0: Swinging Strike
0-1: Ball
1-1: Ball
2-1: Foul Ball, location: 2F
2-2: Strikes out looking
Top of the 8th over - 1 run(s), 2 hit(s), 0 error(s), 2 left on base; Nortonville 6 - Yakima 1
BOTTOM OF THE 8TH
Yakima Hops batting - Pitching for Nortonville Cherokees : RHP Patrick Edwards
Batting: RHB Rafael Durango 0-0: Called Strike
0-1: Swinging Strike
0-2: Ball
1-2: Strikes out looking
Batting: RHB Marshall Attwood 0-0: Called Strike
0-1: Ball
1-1: Ball
2-1: Foul Ball, location: 2F
2-2: Foul Ball, location: 2F
2-2: Fly out, F7 (Flyball, 7LD)
Batting: RHB Manuel Rodríguez 0-0: Called Strike
0-1: Ball
1-1: Foul Ball, location: 2F
1-2: Foul Ball, location: 2F
1-2: Ground out 5-3 (Groundball, 5S)
Bottom of the 8th over - 0 run(s), 0 hit(s), 0 error(s), 0 left on base; Nortonville 6 - Yakima 1
TOP OF THE 9TH
Nortonville Cherokees batting - Pitching for Yakima Hops : LHP Francisco López
Batting: RHB Jim Unknown 0-0: Called Strike
0-1: Ball
1-1: Foul Ball, location: 2F
1-2: Ball
2-2: Ball
3-2: Foul Ball, location: 2F
3-2: Strikes out swinging
Batting: RHB Miguel Ramírez 0-0: Ball
1-0: Foul Ball, location: 2F
1-1: Foul Ball, location: 2F
1-2: Strikes out swinging
Batting: LHB Jeffrey Gregg 0-0: Called Strike
0-1: DOUBLE (Flyball, 8RM)
Batting: RHB Joel Lee 0-0: Swinging Strike
0-1: Called Strike
0-2: Foul Ball, location: 2F
0-2: Strikes out swinging
Top of the 9th over - 0 run(s), 1 hit(s), 0 error(s), 1 left on base; Nortonville 6 - Yakima 1
BOTTOM OF THE 9TH
Yakima Hops batting - Pitching for Nortonville Cherokees : RHP Patrick Edwards
Batting: LHB Jesús Quintanilla 0-0: Called Strike
0-1: Ball
1-1: Swinging Strike
1-2: Ball
2-2: Ball
Error on foul ball, E2
3-2: SINGLE (Line Drive, 7LS)
Pitching: RHP Tom Hernández
Batting: RHB Cal Jackson 0-0: Foul Ball, location: 2F
0-1: Grounds into double play, 5-4-3 (Groundball, 5L)
Batting: RHB Jim Allen 0-0: Ball
1-0: Ball
2-0: Ball
3-0: Called Strike
3-1: Foul Ball, location: 2F
3-2: Ground out 4-3 (Groundball, 4M)
Bottom of the 9th over - 0 run(s), 1 hit(s), 1 error(s), 0 left on base; Nortonville 6 - Yakima 1
This league is powered by Out of the Park Baseball, the baseball management simulation game for PC, Mac and Linux
Friday, October 23rd, 2015 - OOTP Baseball 16.9 Build 39